AoeStats
← AOELG_bravedave92

Arabia

510734266Analyzed
1v1 RM · 1d ago on Oct 2, 2026· 25m 53s· 2 players
Game mode
Random Map
Map size
Tiny (2 player)
Population
200
Speed
Normal
Resources
Standard
Victory
Conquest
Starting age
Dark Age
Ending age
Imperial Age
RankedLock teamsTeams togetherTeam positionsShared explorationLock speedFull tech treeHidden civsTurbo modeCheats
Victory
Defeat
🇩🇪 Persians · Germany
902
+16
🇧🇬 Bulgarians · Bulgaria
905
-16
AOELG_bravedave92
5:03 Loom
8:50 Feudal Age
9:27 Double-Bit Axe
15:53 Forging
22:21 Castle Age
21:23 Bloodlines
22:44 Fletching
22:54 Padded Archer Armor
26:08 Bodkin Arrow
26:08 Horse Collar
tosho_naldjiev
10:04 Feudal Age
18:35 Loom
20:57 Castle Age
Connection lost

Rejoining the realm…

Still unreachable

The connection could not be restored.

Session expired

The server has moved on; the page needs a fresh start.